 Dungeon Crawl Stone Soup version 0.31-a0-344-gd109795599 (webtiles) character file.

Game seed: 18105228442011227387

1407 Shard1697 the Grave Robber (level 7, -3/56 HPs)
             Began as a Purple Draconian Necromancer on July 21, 2023.
             Was a Follower of Ru.
             Slain by Maggie
             ... wielding a +0 scimitar
              (4 damage)
             ... on level 6 of the Dungeon.
             The game lasted 00:16:29 (6487 turns).

Shard1697 the Grave Robber (DrNe)                   Turns: 6487, Time: 00:16:30

Health: -3/56      AC:  6    Str: 10    XL:     7   Next: 42%
Magic:  5/14       EV: 12    Int: 17    God:    Ru [*.....]
Gold:   268        SH:  0    Dex: 12    Spells: 4/15 levels left

rFire   . . .        b - +0 long sword
rCold   . . .        (no shield)
rNeg    . . .        (body armour unavailable)
rPois   .            (helmet restricted)
rElec   .            (no cloak)
rCorr   .            (no gloves)
SInv    .            (no boots)
Will    +....        (no amulet)
Stlth   ++           (no ring)
HPRegen 0.29/turn    (no ring)
MPRegen 0.14/turn

%: no passive effects
@: mighty, animating dead (expiring)
A: breathe power, AC +6, unfitting armour, cold-blooded, inexperienced 1
a: Breathe Dispelling Energy, Renounce Religion


You were on level 6 of the Dungeon.
You worshipped Ru.
Ru was aware of your devotion.
You visited 1 branch of the dungeon, and saw 6 of its levels.

You collected 268 gold pieces.

Inventory:

Hand Weapons
 b - a +0 long sword (weapon)
 e - a +0 halberd
Armour
 j - a +1 buckler
 k - the +0 pair of boots "Zauvvano" {Harm rPois rF- SInv}
   (You found it on level 5 of the Dungeon)

   rF:        It makes you vulnerable to fire.
   rPois:     It protects you from poison.
   SInv:      It lets you see invisible.
   Harm:      It increases damage dealt and taken.
Jewellery
 p - a +6 ring of intelligence
Scrolls
 c - a scroll of poison
 f - 3 scrolls of fog
 m - a scroll of identify
Potions
 a - 2 potions of magic
 g - 2 potions of enlightenment
 h - a potion of brilliance {unknown}
 i - 2 potions of haste {unknown}
 l - 3 potions of curing
 n - a potion of ambrosia
 o - 2 potions of lignification
 r - a potion of attraction


   Skills:
 + Level 2.6 Fighting
 + Level 5.3 Long Blades
 - Level 1.7 Dodging
 - Level 1.7 Stealth
 - Level 4.8 Spellcasting
 - Level 4.0 Summonings
 - Level 7.3 Necromancy


You had 4 spell levels left.
You knew the following spells:

 Your Spells              Type           Power      Damage    Failure   Level
a - Necrotise             Necr           100%       1d9       1%          1
f - Vampiric Draining     Necr           28%        2d8       2%          3
g - Animate Dead          Necr           28%        N/A       7%          4
t - Call Canine Familiar  Summ           17%        N/A       9%          3

Your spell library contained the following spells:

 Spells                   Type           Power      Damage    Failure   Level
 Summon Small Mammal      Summ           68%        N/A       2%          1
 Magic Dart               Conj           16%        1d3       14%         1
 Sandblast                Erth           8%         2d5       14%         1
 Summon Guardian Golem    Hex/Summ       10%        N/A       19%         3
 Passwall                 Tmut/Erth      3%         N/A       22%         2
 Searing Ray              Conj           8%         2d4       22%         2
 Wereblood                Tmut           4%         N/A       22%         2
 Stone Arrow              Conj/Erth      8%         3d7       41%         3
 Fulminant Prism          Conj/Hex       2%         3d5       82%         4
 Agony                    Necr           28%        N/A       21%         5
 Irradiate                Conj/Tmut      2%         3d12      99%         5


Dungeon Overview and Level Annotations

Branches:
Dungeon (6/15)
 Temple: D:4-7

Altars:
Okawaru
Qazlal
Ru
Sif Muna

Shops:
D:1 :

Annotations:
D:4 3 runed translucent doors, peeeep's ghost, amateur HOFi
D:6 Maggie


Innate Abilities, Weirdness & Mutations

You can breathe bolts of dispelling energy.
Your rich purple scales are hard. (AC +6)
You cannot fit into any form of body armour.
You are cold-blooded and may be slowed by cold attacks.
You are somewhat inexperienced. (-1 XL)


Message History

The black bear writhes in agony.
Your hound barely misses the black bear.
The black bear misses you. The black bear claws you.
The black bear closely misses you.
Maggie hits your hound with a +0 scimitar!
Your hound dies!
Your hound's corpse disappears in a puff of smoke!
You barely miss the black bear.
The black bear is almost dead.
The black bear misses you. The black bear claws you. The black bear misses you.
The black bear bites you. The black bear closely misses you.
The black bear barely misses you.
You hit the black bear.
You kill the black bear!
The dead are walking!
Maggie hits you with a +0 scimitar!
You feel better. Maggie hits you with a +0 scimitar!
You feel very mighty all of a sudden. Maggie barely misses you.
You hit Maggie.
Maggie is lightly wounded.
Maggie closely misses you.
You slash Maggie!
Maggie is moderately wounded.
You break out of your daze.
Your reaping aura is weakening.
Maggie closely misses you.
Your black bear zombie closely misses Maggie.
Your black bear zombie barely misses Maggie.
Your black bear zombie closely misses Maggie.
Maggie closely misses you.
You barely miss Maggie.
Maggie is moderately wounded.
Your black bear zombie closely misses Maggie.
Your black bear zombie claws Maggie. x2
Maggie casts a spell at you. The bolt of fire hits you!!
* * * LOW HITPOINT WARNING * * *
Okay, then.
Maggie attacks as you move away! Maggie hits you with a +0 scimitar.
You die...

#.###.# #.# #.# #.###(#
#.#..<# .#####.#####.#
..............#
..#####..########
................
######Z@........
########@.########
..........#
#########.###############
#...h...@.......#
###############.# #.#
....h..... .....#####


You could see Maggie (ally target) and a friendly black bear zombie.

Vanquished Creatures
  A steam dragon (D:5)
  A black bear (D:6)
  An ogre (D:4)
  A scorpion (D:5)
  2 jellies (D:5)
  A hound (D:4)
  An orc priest (D:5)
  Terence (D:2)
  3 iguanas
  Natasha (thrice) (D:2)
  10 gnolls
  8 adders
  A shadow imp (D:5)
  2 worms
  2 dart slugs
  12 orcs
  8 bats
  7 endoplasms
  5 giant cockroaches
  3 goblins
  4 hobgoblins
  2 jackals (D:3)
  A nameless horror (D:4)
  3 quokkas
  11 ball pythons
  6 frilled lizards
  10 kobolds
  8 rats
118 creatures vanquished.

Vanquished Creatures (collateral kills)
  2 water moccasins
  A sky beast (D:5)
  A scorpion (D:4)
  An orc priest (D:4)
  An orc wizard (D:5)
  A gnoll (D:3)
  3 adders
  A shadow imp (D:5)
  A white imp (D:5)
  A dart slug (D:1)
  3 orcs (D:4)
  An endoplasm (D:4)
  A quokka (D:4)
  A goblin (D:4)
  A rat (D:2)
20 creatures vanquished.

Grand Total: 138 creatures vanquished

Notes
Turn   | Place    | Note
-------+----------+-------------------------------------------
     0 | D:1      | Shard1697 the Draconian Necromancer began the quest for the
                  | Orb.
     0 | D:1      | Reached XP level 1. HP: 14/14 MP: 3/3
   384 | D:1      | Reached XP level 2. HP: 20/20 MP: 3/5
   917 | D:1      | Found Gafeen's Book Shop.
  1341 | D:1      | Reached XP level 3. HP: 26/26 MP: 4/7
  1414 | D:2      | Noticed Natasha
  1422 | D:2      | Killed Natasha
  1423 | D:2      | Reached XP level 4. HP: 33/33 MP: 2/8
  1430 | D:2      | Learned a level 3 spell: Vampiric Draining
  1494 | D:2      | Noticed Natasha
  1500 | D:2      | Killed Natasha
  1501 | D:2      | Reached skill level 5 in Necromancy
  1601 | D:2      | Noticed Terence
  2004 | D:2      | Noticed Natasha
  2012 | D:2      | Killed Natasha
  2013 | D:2      | Reached XP level 5. HP: 38/38 MP: 6/10
  2232 | D:2      | Learned a level 3 spell: Call Canine Familiar
  2268 | D:2      | Found a faded altar of an unknown god.
  2724 | D:2      | Killed Terence
  2725 | D:2      | Reached skill level 1 in Summonings
  3293 | D:3      | Found a shimmering blue altar of Sif Muna.
  3460 | D:3      | Reached XP level 6. HP: 45/45 MP: 12/12
  3474 | D:3      | Found a sacrificial altar of Ru.
  3542 | D:3      | Became a worshipper of Ru the Awakened
  3647 | D:3      | Noticed a water moccasin
  3662 | D:3      | Killed a water moccasin
  4180 | D:3      | Reached skill level 1 in Long Blades
  4303 | D:4      | Found a runed translucent gate.
  4309 | D:4      | Learned a level 4 spell: Animate Dead
  4309 | D:4      | Found a runed translucent gate.
  4309 | D:4      | Found a runed translucent gate.
  4374 | D:4      | Your scales start taking on a rich purple colour.
  4374 | D:4      | Reached XP level 7. HP: 27/50 MP: 9/14
  4605 | D:4      | Noticed peeeep's ghost (amateur HOFi)
  4797 | D:4      | Reached skill level 6 in Necromancy
  4817 | D:4      | Gained mutation: You are somewhat inexperienced. (-1 XL)
                  | [Ru sacrifice]
  4817 | D:4      | Reached XP level 6. HP: 45/45 MP: 7/13
  4817 | D:4      | Reached * piety under Ru
  5209 | D:5      | Entered Level 5 of the Dungeon
  5209 | D:5      | Found an iron altar of Okawaru.
  5611 | D:5      | Noticed a steam dragon
  5865 | D:5      | Identified the +0 pair of boots "Zauvvano" {Harm rPois rF-
                  | SInv}
  5938 | D:5      | Reached skill level 7 in Necromancy
  6011 | D:5      | Reached XP level 7. HP: 43/49 MP: 8/14
  6065 | D:5      | Found a stormy altar of Qazlal.
  6161 | D:5      | Reached skill level 1 in Fighting
  6254 | D:5      | Reached skill level 5 in Long Blades
  6451 | D:6      | Noticed Maggie
  6486 | D:6      | HP: 1/56 [Maggie/bolt of fire (27)]
  6487 | D:6      | Slain by Maggie

Illustrated notes

Levels and vault maps discovered:
D:1:      scummos_arrival_hexagon, layout_loops_corners, serial_shops,
          nicolae_square_shop, minmay_split_cup_small
D:2:      minmay_recursive_quarters, layout_basic,
          ebering_ecumenical_altar_rust, uniq_natasha, uniq_terence
D:3:      layout_loops_cross, mainiacjoe_overflow_paths,
          mainiacjoe_overflow_alcove_2
D:4:      layout_basic, gammafunk_ghost_icy, kennysheep_generic_room_13
D:5:      layout_rooms, nicolae_qazlal_beasts_of_the_sky, amcnicky_altar_gilded
D:6:      layout_basic, mainiacjoe_overflow_concentric_impassable,
          grunt_decor_one_mirror, uniq_maggie, uniq_duvessa, uniq_menkaure

Skill      XL: |  1  2  3  4  5  6  7 |
---------------+----------------------+-----
Spellcasting   | 3 4 |  4.8
Necromancy     | 5 7 6 |  7.3
Summonings     | 2 4 |  4.0
Long Blades    | 4 5 |  5.3
Fighting       | 2 |  2.6
Dodging        | |  1.7
Stealth        | |  1.7

Action                     |  1- 3 |  4- 6 |  7- 9 || total
---------------------------+-------+-------+-------++-------
  Melee: Unarmed           |    14 |       |       ||    14
         Hand axe          |     9 |    14 |       ||    23
         Mace              |       |    35 |       ||    35
         Tailslap          |       |    17 |     3 ||    20
         Halberd           |       |    25 |       ||    25
         Spear             |       |     3 |       ||     3
         Long sword        |       |    66 |    25 ||    91
         Punch             |       |     1 |       ||     1
   Cast: Necrotise         |    37 |   137 |    27 ||   201
         Vampiric Draining |       |     7 |     1 ||     8
         Call Canine Famil |       |    11 |     6 ||    17
         Animate Dead      |       |       |     1 ||     1
 Invoke: Sacrifice Experie |       |     1 |       ||     1
    Use: Scroll            |       |    11 |       ||    11
         Potion            |       |     2 |     2 ||     4
   Stab: Sleeping          |     2 |     4 |       ||     6
         Distracted        |       |       |     1 ||     1
 Armour: Skin              |    18 |    95 |    13 ||   126
  Dodge: Dodged            |    30 |   183 |    32 ||   245

Table legend: (Time is in decaauts)
 A = Elapsed time spent in this place.
 B = Non-inter-level travel time spent in this place.
 C = Inter-level travel time spent in this place.
 D = Time resting spent in this place.
 E = Time spent auto-exploring this place.
 F = Levels seen in this place.
 G = Mean time per level.
                   A        B        C        D        E       F      G
               +--------+--------+--------+--------+--------+-----+--------+
         Total |   6553 |   6174 |    379 |    959 |   3678 |   6 | 1092.2 |
       Dungeon |   6553 |   6174 |    379 |    959 |   3678 |   6 | 1092.2 |
               +--------+--------+--------+--------+--------+-----+--------+

Top non-repeatable levels by time:
     D:2: 1523 daAuts
     D:1: 1432 daAuts
     D:4: 1413 daAuts
     D:3: 1164 daAuts
     D:5: 943 daAuts
     D:6: 76 daAuts
